 Dungeon Crawl Stone Soup version 0.31-a0-1-g4198be8af4 (webtiles) character file.

Game seed: 17384172387925757921

14652 erloom the Severer (level 11, -1/99 HPs)
             Began as a Minotaur Fighter on May 1, 2023.
             Was a High Priest of Okawaru.
             Engulfed by a red draconian's flame (11 damage)
             ... in a volcano.
             The game lasted 00:25:22 (12297 turns).

erloom the Severer (Minotaur Fighter)              Turns: 12297, Time: 00:25:22

Health: -1/99      AC: 12    Str: 24    XL:     11   Next: 91%
Magic:  8/13       EV: 10    Int:  7    God:    Okawaru [*****.]
Gold:   568        SH:  5    Dex: 11    Spells: 10/10 levels left

rFire   . . .        g - +4 war axe (freeze)
rCold   . . .        c - +0 buckler
rNeg    . . .        l - +0 scale mail "Lamakhlu" {Rampage Str+2 Slay+2}
rPois   .            (helmet restricted)
rElec   .            s - +1 cloak
rCorr   .            H - +0 pair of gloves
SInv    .            (no boots)
Will    .....        (no amulet) Stlth
                     (no ring)
HPRegen 0.36/turn    (no ring)
MPRegen 0.13/turn

%: rampage
@: mighty, brilliant, finesse-ful
A: horns 2, retaliatory headbutt
a: Renounce Religion, Heroism, Finesse, Duel


You were in a volcano.
You worshipped Okawaru.
Okawaru was extremely pleased with you.
You visited 3 branches of the dungeon, and saw 15 of its levels.
You also visited: Volcano.

You collected 607 gold pieces.
You spent 39 gold pieces at shops.

Inventory:

Hand Weapons
 a - a +0 war axe
 g - a +4 war axe of freezing (weapon)
 x - a +1 hand axe of venom
 D - a +3 battleaxe
 F - a +3 arbalest
 N - a +0 broad axe of freezing
Armour
 c - a +0 buckler (worn)
 j - an orb of light
 l - the +0 scale mail "Lamakhlu" (worn) {Rampage Str+2 Slay+2}
   (You found it on level 2 of the Dungeon)

   Str:       It affects your strength (+2).
   Slay:      It affects your accuracy & damage with ranged weapons and melee
   (+2).
   Rampage:   It bestows one free step when moving towards enemies.
 s - a +1 cloak (worn)
 B - a +0 plate armour
 H - a +0 pair of gloves (worn)
Jewellery
 z - a ring of willpower
 I - a +5 ring of evasion
Wands
 n - a wand of flame (44)
 G - a wand of mindburst (7)
 P - a wand of polymorph (6)
Scrolls
 f - 6 scrolls of immolation
 h - 3 scrolls of identify
 k - a scroll of silence
 o - 2 scrolls of enchant armour
 t - 3 scrolls of blinking
 w - a scroll of vulnerability
 y - 4 scrolls of teleportation
 A - a scroll of amnesia
 E - 4 scrolls of fog {unknown}
 J - a scroll of enchant weapon
 L - a scroll of butterflies
Potions
 b - a potion of attraction
 d - a potion of might
 e - 7 potions of curing
 i - 4 potions of brilliance
 m - 3 potions of magic
 p - 6 potions of heal wounds {unknown}
 q - 4 potions of haste
 r - 3 potions of lignification
 u - 2 potions of berserk rage
 v - a potion of resistance
 K - a potion of mutation
 M - a potion of flight
Miscellaneous
 C - a lightning rod (4/4)


   Skills:
 + Level 9.9 Fighting
 - Level 16.0 Axes
 + Level 10.9 Armour
 - Level 1.0 Dodging
 - Level 0.9 Stealth
 + Level 7.1 Shields
 + Level 5.3 Invocations
 + Level 2.1 Evocations


You had 10 spell levels left.
You didn't know any spells.
Your spell library contained the following spells:

 Spells                   Type           Power      Damage    Failure   Level
 Slow                     Hex            0%         N/A       75%         1
 Blink                    Tloc           0%         N/A       86%         2
 Cigotuvi's Dreadful Rot  Necr/Pois/Air  0%         N/A       86%         2
 Lesser Beckoning         Tloc           0%         N/A       86%         2
 Momentum Strike          Conj/Tloc      0%         3d8       86%         2
 Confusing Touch          Hex            0%         N/A       98%         3
 Dazzling Flash           Conj/Hex       0%         N/A       98%         3
 Ignite Poison            Fire/Tmut/Pois 0%         N/A       98%         3
 Vampiric Draining        Necr           0%         2d6       98%         3
 Volatile Blastmotes      Fire/Tloc      0%         2d10      98%         3
 Fulminant Prism          Conj/Hex       0%         3d5       100%        4
 Iskenderun's Mystic Bla  Conj/Tloc      0%         2d3       100%        4
 Manifold Assault         Tloc           0%         N/A       100%        4
 Freezing Cloud           Conj/Ice/Air   0%         6-21      100%        5
 Lee's Rapid Deconstruct  Erth           0%         3d4*      100%        5
 Eringya's Noxious Bog    Tmut/Pois      0%         N/A       100%        6
 Starburst                Conj/Fire      0%         6d3       100%        6
 Storm Form               Tmut/Air       0%         N/A       100%        7
 Summon Forest            Summ/Tloc      Unusable   N/A       N/A         5
 Summon Hydra             Summ           Unusable   N/A       N/A         7

Dungeon Overview and Level Annotations

Branches:
Dungeon (10/15)            Temple (1/1) D:7            Lair (4/5) D:9
 Shoals (0/4) Lair:3          Orc (0/2) D:9         Volcano (1/1)
  Snake: Lair:2-3    Spider: Lair:2-3     Slime: Lair:4-5

Altars:
Ashenzari
Cheibriados
Dithmenos
Elyvilon
Fedhas
Gozag
Hepliaklqana
Kikubaaqudgha
Makhleb
Nemelex Xobeh
Okawaru
Qazlal
Ru
Sif Muna
Trog
Uskayaw
Vehumet
Wu Jian
Xom
Yredelemnul
Zin
The Shining One

Shops:
D:1 =   D:4 ?   D:5 [   D:6 [


Innate Abilities, Weirdness & Mutations

You have a pair of horns on your head.
You reflexively headbutt those who attack you in melee.


Message History

The red draconian is moderately wounded.
Unknown command.
You closely miss the red draconian. You headbutt the red draconian.
The red draconian is moderately wounded.
Unknown command.
You hit the red draconian but do no damage.
The red draconian is moderately wounded.
You hit the red draconian but do no damage.
Your headbutt misses the red draconian.
The red draconian is moderately wounded.
Unknown command.
Okay, then.
You feel very mighty all of a sudden. The red draconian breathes fire at you.
The searing blast misses you.
Unknown command.
You slice the red draconian!!
The red draconian seems to slow down.
You freeze the red draconian.
The red draconian is heavily wounded.
You are engulfed in blazing flames.
* * * LOW HITPOINT WARNING * * *
Unknown command.
You slash the red draconian!
The red draconian seems to slow down.
You freeze the red draconian. You headbutt the red draconian.
The red draconian is severely wounded.
You are engulfed in blazing flames.
* * * LOW HITPOINT WARNING * * *
Unknown command.
You closely miss the red draconian. Your headbutt misses the red draconian.
The red draconian is severely wounded.
You are engulfed in blazing flames.
* * * LOW HITPOINT WARNING * * *
The red draconian hits you with a +0 flail of flaming!
* * * LOW HITPOINT WARNING * * *
The red draconian burns you.
* * * LOW HITPOINT WARNING * * *
It was a potion of brilliance.
You feel clever all of a sudden.
You are engulfed in blazing flames.
You die...

. . .# ######### ##.###
##.......######.....#.
#.∩......)d##.........
#...§.∩.##@#.......≈≈≈§
#≈≈..≈≈######.....≈≈≈≈§
#≈§≈≈§## #....§≈§§§§§
##≈≈≈## ##...§§§≈≈≈§
#°°## #....§≈≈§≈§≈ ##°#
#......≈≈≈≈≈ ###
##d#....≈≈.≈
##......... .##....##.


You could see a red draconian (slow, catching breath).

Vanquished Creatures
  A catoblepas (Lair:1)
  2 two-headed ogres
  A salamander (Volcano)
  2 black mambas
  4 cane toads
  A rime drake (Lair:1)
  2 komodo dragons
  A troll (D:10)
  A polar bear (Lair:2)
  A shadow (D:9)
  A jumping spider (Lair:2)
  2 wyverns (D:8)
  2 basilisks
  20 yaks
  A redback (Lair:2)
  An acid dragon (D:10)
  6 water moccasins
  6 orc warriors
  2 ice beasts (D:6)
  3 black bears (D:9)
  2 ogres (D:5)
  3 centaurs
  3 wolves
  A gnoll sergeant (D:5)
  12 bullfrogs
  6 scorpions
  18 wights
  6 killer bees
  4 howler monkeys
  Crazy Yiuf (D:2)
  3 orc priests
  5 hounds
  A jelly (D:6)
  A sleepcap (D:6)
  Jessica (D:2)
  3 iguanas
  5 orc wizards
  Robin (D:3)
  6 adders
  5 gnolls
  An ufetubus (D:5)
  A worm (D:5)
  31 orcs
  9 bats
  10 endoplasms
  3 giant cockroaches (D:4)
  12 goblins
  15 hobgoblins
  4 jackals (D:1)
  3 quokkas
  3 ball pythons
  2 frilled lizards (D:1)
  6 kobolds
  2 rats (D:1)
249 creatures vanquished.

Vanquished Creatures (others)
  39 fungi
  57 plants
96 creatures vanquished.

Grand Total: 345 creatures vanquished

Notes
Turn   | Place    | Note
-------+----------+-------------------------------------------
     0 | D:1      | erloom the Minotaur Fighter began the quest for the Orb.
     0 | D:1      | Reached XP level 1. HP: 19/19 MP: 0/0
   108 | D:1      | Reached skill level 3 in Axes
   136 | D:1      | Reached XP level 2. HP: 25/26 MP: 1/1
   225 | D:1      | Found Taocosai's Jewellery Boutique.
   451 | D:1      | Reached skill level 4 in Axes
   451 | D:1      | Reached XP level 3. HP: 31/31 MP: 2/2
   535 | D:1      | Found a faded altar of an unknown god.
   938 | D:2      | Found an ornate altar of the Wu Jian Council.
   943 | D:2      | Identified the +0 scale mail "Lamakhlu" {Rampage Str+2
                  | Slay+2}
   990 | D:2      | Noticed Jessica
   999 | D:2      | Killed Jessica
  1000 | D:2      | Reached skill level 5 in Axes
  1000 | D:2      | Reached XP level 4. HP: 38/39 MP: 3/3
  1246 | D:2      | Found a runed translucent door.
  1247 | D:2      | Noticed Crazy Yiuf
  1253 | D:2      | Killed Crazy Yiuf
  1661 | D:3      | Found a shimmering blue altar of Sif Muna.
  1758 | D:3      | Noticed Robin
  1767 | D:3      | Reached skill level 6 in Axes
  1772 | D:3      | Killed Robin
  1773 | D:3      | Reached XP level 5. HP: 38/45 MP: 4/4
  2179 | D:4      | Reached skill level 7 in Axes
  2259 | D:4      | Identified the +2 ring mail of Gluttony {rC++ Regen+ Str+8
                  | Stlth-}
  2281 | D:4      | Reached skill level 1 in Dodging
  2281 | D:4      | Reached XP level 6. HP: 38/51 MP: 5/5
  2648 | D:4      | Reached skill level 8 in Axes
  2829 | D:4      | Found Xonasoec's Magic Scroll Emporium.
  2833 | D:4      | Bought a scroll of teleportation for 39 gold pieces
  2941 | D:5      | Entered Level 5 of the Dungeon
  3109 | D:5      | Reached skill level 9 in Axes
  3109 | D:5      | Reached XP level 7. HP: 20/57 MP: 6/6
  3334 | D:5      | Found a sacrificial altar of Ru.
  3398 | D:5      | Reached skill level 10 in Axes
  3581 | D:5      | Found Jowa's Antique Armour Shop.
  4160 | D:6      | Reached XP level 8. HP: 52/66 MP: 7/7
  4244 | D:6      | Reached skill level 11 in Axes
  4583 | D:6      | Reached skill level 5 in Armour
  4648 | D:6      | Found Kumuirr's Antique Armour Boutique.
  4702 | D:6      | Reached skill level 12 in Axes
  4767 | D:6      | Found a snail-covered altar of Cheibriados.
  4842 | D:6      | Reached skill level 5 in Fighting
  4940 | D:7      | Found a staircase to the Ecumenical Temple.
  4948 | Temple   | Entered the Ecumenical Temple
  5038 | Temple   | Became a worshipper of Warmaster Okawaru
  5256 | D:7      | Reached XP level 9. HP: 74/74 MP: 8/8
  5363 | D:7      | Found a shadowy altar of Dithmenos.
  5986 | D:8      | Reached skill level 1 in Invocations
  6330 | D:8      | Reached skill level 13 in Axes
  6333 | D:8      | Reached * piety under Okawaru
  6748 | D:8      | Reached ** piety under Okawaru
  7283 | D:9      | Reached XP level 10. HP: 84/84 MP: 11/11
  7314 | D:9      | Reached skill level 14 in Axes
  7522 | D:9      | Found a staircase to the Lair.
  7536 | D:9      | Reached *** piety under Okawaru
  7642 | D:9      | Found a staircase to the Orcish Mines.
  7773 | D:9      | Noticed a two-headed ogre
  7780 | D:9      | Killed a two-headed ogre
  7917 | D:9      | Found a stormy altar of Qazlal.
  8079 | D:9      | Reached skill level 15 in Axes
  8307 | D:10     | Entered Level 10 of the Dungeon
  8562 | D:10     | Reached **** piety under Okawaru
  8568 | D:10     | Noticed a two-headed ogre
  8581 | D:10     | Killed a two-headed ogre
  8585 | D:10     | Reached skill level 5 in Shields
  8585 | D:10     | Reached XP level 11. HP: 38/95 MP: 9/12
  8737 | D:10     | Received a gift from Okawaru
  9516 | Lair:1   | Entered Level 1 of the Lair of Beasts
  9525 | Lair:1   | Reached skill level 10 in Armour
  9863 | Lair:1   | Noticed a catoblepas
  9886 | Lair:1   | HP: 3/97 [catoblepas (22)]
  9890 | Lair:1   | Killed a catoblepas
 11273 | Lair:2   | Reached ***** piety under Okawaru
 11274 | Lair:2   | Reached skill level 1 in Evocations
 11301 | Lair:2   | Reached skill level 5 in Invocations
 11658 | Lair:2   | Noticed a five-headed hydra
 11815 | Lair:2   | Reached skill level 16 in Axes
 12248 | Lair:3   | Found a dark tunnel.
 12253 | Volcano  | Entered a volcano
 12272 | Volcano  | Noticed a red draconian
 12297 | Volcano  | Engulfed by a red draconian's flame

Illustrated notes

Levels and vault maps discovered:
D:1:      dpeg_arrival_lava_temple_mockup, layout_loops_ring, serial_shops,
          nicolae_shop_stone, ebering_ecumenical_altar_mist
D:2:      layout_rooms, basic_altar, uniq_jessica, uniq_crazy_yiuf_cottage
D:3:      layout_loops_ring, led_sif_book, grunt_ministairs_4,
          kennysheep_flooded_box, nicolae_figureground_sparkle, uniq_robin
D:4:      layout_loops_ring, serial_shops, kennysheep_little_box
D:5:      layout_loops_cross, mainiacjoe_overflow_brackets, serial_shops, shop,
          dk_vineyard_2
D:6:      layout_basic, cheibriados_altar_1, serial_shops, shop, corexii_shack
D:7:      layout_basic, kennysheep_mini_moat, minmay_temple_entry_wispy
D:8:      layout_loops_corners, serial_bayou, serial_bayou_shore_b,
          serial_bayou_pond_e, serial_bayou_pond_d, serial_bayou_pond_c,
          columned_hall_lemuel
D:9:      layout_loops_ring, nicolae_qazlal_style_of_elements,
          due_lair_maze_entry_diamond, orc_0_dummy, hangedman_glass_teeth
D:10:     layout_basic
Temple:   minmay_temple_bridge_d
Lair:1:   layout_long_grid
Lair:2:   layout_regular_city, nicolae_spider_entry_tight_spaces,
          grunt_megastairs_4, serial_bayou_shore_b
Lair:3:   layout_gridlike, shoals_dummy_entry, nicolae_volcano_entry_s_turn,
          lemuel_fruit_fields
Lair:4:   layout_concentric_octagons, slime_entry_2, serial_bayou_shore_a,
          uniq_nessos
Volcano:  volcano_pools

Skill      XL: |  1  2  3  4  5  6  7  8  9 10 11 |
---------------+----------------------------------+-----
Axes           | 3 4 5 6 7 9 10 12 13 15 16 | 16.0
Dodging        | 1 |  1.0
Armour         | 4 5 8 9 10 | 10.9
Fighting       | 5 6 8 9 |  9.9
Invocations    | 3 5 |  5.3
Shields        | 5 7 |  7.1
Evocations     | 2 |  2.1
Stealth        | |  0.9

Action                     |  1- 3 |  4- 6 |  7- 9 | 10-12 || total
---------------------------+-------+-------+-------+-------++-------
  Melee: War axe           |    94 |    86 |   211 |   269 ||   660
         Headbutt          |     9 |    14 |    34 |    57 ||   114
 Invoke: Heroism           |       |       |       |     3 ||     3
         Finesse           |       |       |       |     2 ||     2
    Use: Scroll            |       |     2 |     6 |    14 ||    22
         Potion            |       |       |       |     3 ||     3
 Armour: Scale mail        |    24 |    30 |    51 |    69 ||   174
         Chain mail        |    39 |       |       |       ||    39
  Dodge: Dodged            |    43 |    38 |    55 |    71 ||   207
  Block: Buckler           |    37 |       |    27 |    30 ||    94

Table legend: (Time is in decaauts)
 A = Elapsed time spent in this place.
 B = Non-inter-level travel time spent in this place.
 C = Inter-level travel time spent in this place.
 D = Time resting spent in this place.
 E = Time spent auto-exploring this place.
 F = Levels seen in this place.
 G = Mean time per level.
                   A        B        C        D        E       F      G
               +--------+--------+--------+--------+--------+-----+--------+
         Total |  12280 |  11653 |    627 |   3516 |   5788 |  16 |  767.5 |
       Dungeon |   9628 |   9193 |    435 |   2324 |   5113 |  10 |  962.8 |
        Temple |    163 |     64 |     99 |      0 |     50 |   1 |  163.0 |
          Lair |   2450 |   2358 |     92 |   1192 |    622 |   4 |  612.5 |
       Volcano |     37 |     37 |      0 |      0 |      3 |   1 |   37.0 |
               +--------+--------+--------+--------+--------+-----+--------+

Top non-repeatable levels by time:
     D:8: 1621 daAuts
  Lair:1: 1542 daAuts
     D:9: 1361 daAuts
     D:4: 1091 daAuts
    D:10: 1021 daAuts
     D:5: 946 daAuts
  Lair:2: 853 daAuts
     D:1: 788 daAuts
     D:6: 783 daAuts
     D:3: 766 daAuts
     D:7: 641 daAuts
     D:2: 607 daAuts
  Temple: 163 daAuts
  Lair:3: 44 daAuts
 Volcano: 37 daAuts
